 Dungeon Crawl Stone Soup version 0.13.0-25-g43d4df3 (webtiles) character file.

916 hayman the Digger (level 7, 0/39 HPs)
             Began as a Gargoyle Earth Elementalist on Oct 28, 2013.
             Killed from afar by Dowan (19 damage)
             ... with a stone arrow
             ... on Level 6 of the Dungeon.
             The game lasted 01:13:18 (4815 turns).

hayman the Digger (Gargoyle Earth Elementalist)     Turns: 4815, Time: 01:13:18

HP   0/39        AC  9     Str 12      XL: 7   Next: 58%
MP   9/16        EV 12     Int 17      God:
Gold 248         SH  7     Dex 12      Spells:  2 memorised, 10 levels left

Res.Fire  : . . .   See Invis. : .   b - 114 stones
Res.Cold  : . . .   Warding    : .   c - +0 robe
Life Prot.: + . .   Conserve   : .   e - +0 buckler
Res.Poison: +       Res.Corr.  : .   t - +0 helmet
Res.Elec. : +       Clarity    : .   (no cloak)
Sust.Abil.: . .     Spirit.Shd : .   i - +0 pair of elf gloves
Res.Mut.  : .       Stasis     : .   y - +0 pair of boots
Res.Rott. : +       Flight     : .   (no amulet)
Saprovore : . . .                    u - +2 ring of dexterity
                                     r - cursed ring of hunger

@: very slightly contaminated, slightly resistant to hostile enchantments,
fairly stealthy
A: fangs 1, talons 2, life protection 1, electricity resistance, slow metabolism
1, unbreathing, petrification resistance, AC +4
a: no special abilities


You were on level 6 of the Dungeon.
You were not hungry.

You visited 1 branch of the dungeon, and saw 6 of its levels.

You collected 228 gold pieces.

Inventory:

Hand weapons
 a - a +2,+0 orcish flail of pain
 j - a +0,+0 mace
 p - a +0,+0 great sword
Missiles
 b - 114 stones (in hand)
 w - 3 exploding darts
Armour
 c - a +0 robe (worn)
 e - a +0 buckler (worn)
 i - a +0 pair of elven gloves (worn)
 t - a +0 helmet (worn)
 y - a +0 pair of boots (worn)
Magical devices
 C - a wand of flame (7) {unknown}
Comestibles
 k - 2 chokos
 l - 3 bread rations
 D - an apple
 I - a pear
Scrolls
 s - a scroll of magic mapping
 v - 2 scrolls of amnesia
 F - a scroll of fog
 H - 2 scrolls of remove curse
Jewellery
 n - an uncursed ring of sustain abilities
 r - a cursed ring of hunger (left hand)
 u - a +2 ring of dexterity (right hand)
 A - an uncursed amulet of rage
Potions
 f - 3 potions of curing
 m - a potion of mutation {unknown}
 o - 2 potions of brilliance
 q - 2 potions of paralysis {unknown}
 z - 2 potions of resistance {unknown}
 G - a potion of confusion {unknown}
 J - a potion of flight {unknown}
Books
 d - a book of Geomancy

   Spells                             Type                      Level
   *Sandblast                         Earth                        1
   Stoneskin                          Transmutation/Earth          2
   Passwall                           Transmutation/Earth          3
   *Stone Arrow                       Conjuration/Earth            3
   Petrify                            Transmutation/Earth          4
   Lee's Rapid Deconstruction         Earth                        5


   Skills:
 + Level 3.6 Fighting
 - Level 0.9 Maces & Flails
 + Level 2.9 Dodging
 - Level 2.5 Stealth
 - Level 1.2 Shields
 - Level 4.0 Spellcasting
 + Level 2.5 Conjurations
   Level 0.7 Transmutations
 + Level 5.3 Earth Magic


You had 10 spell levels left.
You knew the following spells:

 Your Spells              Type           Power        Failure   Level  Hunger
a - Sandblast             Erth           ###...       1%          1    None
b - Stone Arrow           Conj/Erth      ###...       12%         3    ###....


Dungeon Overview and Level Annotations

Branches:
Dungeon (6/27)
 Temple: D:4-7          Orc: D:6-11

Altars:
Ashenzari
Makhleb
Trog

Annotations:
D:6 Dowan


Innate Abilities, Weirdness & Mutations

You are resistant to torment.
You are immune to poison.
Your stone body is very resilient (AC +4).
You have very sharp teeth.
You have razor-sharp toenails.
You resist negative energy.
You are resistant to electric shocks.
You have a slow metabolism.
You can survive without breathing.
You are immune to petrification.


Message History

Confirm with . or Enter, or press ? or * to list all spells.
Aiming: Stone Arrow
Press: ? - help, Shift-Dir - straight line, f/p - Dowan
Aim: Dowan, wielding an elven short sword and wearing a glowing elven robe You miscast Stone Arrow.
You are very lightly contaminated with residual magic.
Strange energies run through your body.
Dowan points at you and mumbles some strange words.
The shard of ice hits you!
b - 115 stones (in hand)
Casting: Stone Arrow
Confirm with . or Enter, or press ? or * to list all spells.
Aiming: Sandblast
Press: ? - help, Shift-Dir - straight line, f/p - Dowan
Aim: Dowan, wielding an elven short sword and wearing a glowing elven robe The rocky blast hits Dowan.
Dowan is heavily wounded.
Dowan points at you and mumbles some strange words.
The stone arrow hits you!
You die...

#.#......##.#...#.#
#.#......##.#.<.#.#
#.##.....##.#...#.#
.###.....###.###.....#
.# ###..........#.##.
.#####.#######....#
.##.......# #.####
.....#.##.# #.#####.#
###.....#.# #.e@....#
##.#....####.###.....#
#............# ###.#
#.......######
#.##..#.# #.##.##.# .
#.#...#.# #....
#.......# #.....
###...### #......


You could see Dowan.

Vanquished Creatures
  The ghost of Econoterrorist the Sneak, an average SpEn (D:3)
  Sigmund (D:3)
  Duvessa (D:6)
  An ogre (D:4)
  2 hounds
  An orc priest (D:5)
  2 orc wizards
  2 worker ants (D:4)
  An ogre skeleton (D:4)
  Terence (D:3)
  3 adders
  2 giant mites
  2 worms
  A giant eyeball (D:5)
  2 giant geckos (D:2)
  10 orcs
  A ball python (D:5)
  13 bats
  8 giant cockroaches
  5 goblins
  10 hobgoblins
  5 giant newts
  2 goblin skeletons (D:5)
  14 jackals
  A jackal skeleton (D:4)
  12 kobolds
  7 rats
111 creatures vanquished.

Notes
Turn   | Place    | Note
--------------------------------------------------------------
     0 | D:1      | hayman, the Gargoyle Earth Elementalist, began the quest for the Orb.
     0 | D:1      | Reached XP level 1. HP: 10/10 MP: 3/3
     0 | D:1      | monoball: lol
     0 | D:1      | hayman: sorry
     0 | D:1      | monoball: ok you already have sandblast memorized
     0 | D:1      | hayman: what's good with this thing
     0 | D:1      | monoball: you can use sandblast at any time by hitting z (to cast) and then a
     0 | D:1      | hayman: yeh i remember that
     0 | D:1      | monoball: if you are wielding a stone it will do more damage but consume the stone
     0 | D:1      | monoball: stone arrow is probably the next one you want to get
     0 | D:1      | monoball: LRD owns
     0 | D:1      | hayman: oh i guess petrify and then do this
     0 | D:1      | monoball: yea
     0 | D:1      | hayman: and i can blow a guy away
     0 | D:1      | monoball: petrify takes a few turns
     0 | D:1      | hayman: or any ice or bone too i guess
     0 | D:1      | hayman: is an ice beast made of ice
     0 | D:1      | monoball: yes
     0 | D:1      | monoball: ok hit m
    46 | D:1      | monoball: open your skills bro
    46 | D:1      | monoball: turn on fighting
    46 | D:1      | monoball: hit / to switch to manual
    46 | D:1      | monoball: hit f again to boost spellcasting
    46 | D:1      | hayman: this is a bit differnet i guess
    46 | D:1      | monoball: and run back and get that buckler
    46 | D:1      | hayman: oh okay
    46 | D:1      | monoball: man back in my day you used to have to use skills to level them
    48 | D:1      | hayman: that's the way it was when i palyed last
    49 | D:1      | monoball: shift-direction autotravels
    74 | D:1      | monoball: much much safer that way
    79 | D:1      | monoball: pick up the mace and check your aptitude
    80 | D:1      | monoball: fuck those are good abilities
    82 | D:1      | monoball: skill page
    82 | D:1      | hayman: where does aptititude go
    82 | D:1      | monoball: positive numbers are good aptitude (less xp to learn)
    82 | D:1      | monoball: looks like it might be good
    83 | D:1      | hayman: oops
    83 | D:1      | monoball: if you want to be able to switch quickly between
    83 | D:1      | monoball: oh oops
    83 | D:1      | monoball: lol
   157 | D:1      | monoball: ok if you assign a weapon to slot "a" you can use apostrophe to quick swap
   158 | D:1      | monoball: between that and the one in b
   173 | D:1      | monoball: OH
   173 | D:1      | hayman: what
   180 | D:1      | monoball: i think if you get one point in shields it'll negate the casting penalty from buckler
   182 | D:1      | hayman: i guess?
   187 | D:1      | monoball: ok you have more skills turned on than i usually like to have
   187 | D:1      | monoball: it probably doesn't matter much though
   187 | D:1      | hayman: i forgot how to read scrooll
   187 | D:1      | hayman: lmao
   188 | D:1      | monoball: i don't know how in this one
   189 | D:1      | monoball: oh that one
   189 | D:1      | monoball: r
   189 | D:1      | hayman: r i guess
   189 | D:1      | monoball: yeah
   230 | D:1      | hayman: should i wear gloves or is that a bad idea
   234 | D:1      | monoball: gloves are always a plus BUT if they're cursed you can't change your rings
   242 | D:1      | Reached XP level 2. HP: 15/15 MP: 0/4
   308 | D:1      | monoball: ouch
   332 | D:1      | monoball: just read every scroll you get now
   333 | D:1      | monoball: drop that mace
   333 | D:1      | monoball: please
   345 | D:1      | monoball: it's reminding me of my failure
   509 | D:1      | monoball: my fav way to fight bats is to back away from them, then attack
   530 | D:1      | monoball: oh
   531 | D:1      | monoball: it =
   531 | D:1      | monoball: hit =
   532 | D:1      | monoball: i
   532 | D:1      | monoball: l
   532 | D:1      | monoball: a
   532 | D:1      | monoball: now apostrophe
   533 | D:1      | monoball: save those stones for the tough dudes
   536 | D:1      | monoball: and always pick up more
   540 | D:1      | monoball: and unwield them otherwise
   541 | D:1      | monoball: unless you're using sandblast that turn
   541 | D:1      | hayman: wait how do i switch between a and b
   568 | D:1      | hayman: oh nvm
   682 | D:1      | monoball: oh
   682 | D:1      | monoball: hit c
   682 | D:1      | monoball: yeah
   682 | D:1      | hayman: yeh i did it earlier
   682 | D:1      | monoball: ok
   728 | D:1      | monoball: don't eat rations unless you're nearly starving
   728 | D:1      | hayman: what should i do on this
   728 | D:1      | hayman: i never know
   728 | D:1      | hayman: like is there a general rule?
   728 | D:1      | hayman: ??
   728 | D:1      | monoball: oh
   728 | D:1      | monoball: uh
   728 | D:1      | monoball: since you're a caster int
   728 | D:1      | hayman: always int though?
   728 | D:1      | monoball: elsewise always str once you have 7 int
   728 | D:1      | monoball: well if you have less than 7 anything get it to 7 first
   728 | D:1      | hayman: oh okay
   728 | D:1      | Reached XP level 3. HP: 19/19 MP: 6/6
   811 | D:1      | monoball: because artifact weapons and armor can sap up to 6 stat
   817 | D:1      | monoball: 0 stat in anything and you die
   827 | D:1      | monoball: it's safe to go back down
   827 | D:1      | monoball: you can take em
   827 | D:1      | monoball: OH
   827 | D:1      | hayman: ok
   827 | D:1      | monoball: memorize stone arrow
   831 | D:1      | Learned a level 3 spell: Stone Arrow
   831 | D:1      | monoball: let's see your stats
   831 | D:1      | monoball: once shields hits 1 take it off
   831 | D:1      | hayman: k
   831 | D:1      | jackfruit: hay man
   831 | D:1      | hayman: hi
   831 | D:1      | monoball: you can prolly kill stealth
   831 | D:1      | monoball: but that's preference
   831 | D:1      | monoball: stealth makes me nervous
   831 | D:1      | jackfruit: always turn stealth off imo
   831 | D:1      | jackfruit: what class r u
   831 | D:1      | monoball: gree
   831 | D:1      | hayman: earth elemental or w/e
   831 | D:1      | hayman: i forgot the name
   831 | D:1      | hayman: earth wizard
   831 | D:1      | jackfruit: yeah no stealth if your gonna use shatter
   831 | D:1      | monoball: lmao
   831 | D:1      | monoball: true
   831 | D:1      | jackfruit: shit causes an earthquake
   843 | D:2      | monoball: anyway sneaking halfway to a dude and having him wake up is the pits
   847 | D:2      | jackfruit: stealth is cool for small guys
   864 | D:2      | monoball: or having mobs 'accidentally' follow you unawares for half the map
   875 | D:2      | jackfruit: you can basically clear up to zot with it if you have other mechanics to keep you alive a while
   875 | D:2      | jackfruit: then you die in zot
   877 | D:2      | monoball: lol
   949 | D:2      | hayman: lol
  1133 | D:2      | monoball: wait are worms poisonous now?
  1134 | D:2      | monoball: their chunks
  1134 | D:2      | hayman: i dunno
  1134 | D:2      | jackfruit: i also dont know
  1134 | D:2      | hayman: it had green blood so i just left it
  1134 | D:2      | monoball: i don't remember if the blood was green or not in the past
  1147 | D:2      | jackfruit: i just started playng again and i got rpois really early
  1147 | D:2      | monoball: but they used to be safe
  1172 | D:2      | jackfruit: it wasnt
  1180 | D:2      | monoball: oh wait it's irrelevant
  1183 | D:2      | jackfruit: oh yeah it was
  1193 | D:2      | monoball: gargoyles are immune to poison
  1208 | D:2      | jackfruit: bugs have green blood i think
  1208 | D:2      | jackfruit: also worms are red so it would look weird
  1208 | D:2      | monoball: yea
  1208 | D:2      | hayman: should i just try on ring or wait for scroll of ident?
  1208 | D:2      | monoball: your call
  1208 | D:2      | jackfruit: either way is probably okay but i usually id
  1209 | D:2      | monoball: do you have a remove curse
  1209 | D:2      | hayman: i forgot ring button
  1209 | D:2      | hayman: nah
  1209 | D:2      | monoball: P
  1209 | D:2      | jackfruit: p
  1220 | D:2      | monoball: remove it
  1224 | D:2      | monoball: never wear jewelry if you don't know what it is
  1224 | D:2      | monoball: R
  1277 | D:2      | Reached skill level 1 in Shields
  1278 | D:2      | hayman: should i be using my spells mroe?
  1281 | D:2      | jackfruit: maybe
  1282 | D:2      | monoball: as long as you're surviving
  1290 | D:2      | jackfruit: you probably wont use maces long term but yeah wahtever keeps you alive
  1290 | D:2      | jackfruit: nice great sword
  1290 | D:2      | hayman: what should i be using
  1290 | D:2      | monoball: do maces still suck btw
  1292 | D:2      | jackfruit: i dont know. i think so
  1292 | D:2      | jackfruit: but gargs have good apts for them
  1292 | D:2      | hayman: should i wear this dope helmet
  1292 | D:2      | monoball: what's your sword apt
  1292 | D:2      | monoball: yes
  1292 | D:2      | jackfruit: yes
  1304 | D:2      | jackfruit: great sword won't be useful for like ten more dungeon levels either way
  1304 | D:2      | monoball: ya
  1304 | D:2      | monoball: eeeh
  1304 | D:2      | hayman: bad apt
  1304 | D:2      | jackfruit: it's not great
  1304 | D:2      | monoball: -2 is bad
  1304 | D:2      | hayman: ok
  1304 | D:2      | jackfruit: -1 is mediocre yeah
  1342 | D:2      | monoball: -1 is acceptable if you really want it
  1348 | D:2      | jackfruit: i think i had my centaur bro learn haste with a -1 apt
  1348 | D:2      | hayman: oops
  1349 | D:2      | jackfruit: just because haste
  1414 | D:2      | jackfruit: gargoyles should be able to sandblast with their fingers in an emergency
  1416 | D:2      | Reached skill level 1 in Fighting
  1416 | D:2      | Reached XP level 4. HP: 20/24 MP: 4/8
  1417 | D:2      | monoball: lol
  1435 | D:2      | monoball: i miss snakes just being called snakes
  1436 | D:2      | jackfruit: yeah
  1438 | D:2      | monoball: feel like i don't know where i stand anymore
  1529 | D:2      | monoball: oh it might be beneficial to turn off maces if you aren't sure you wan tot use them
  1537 | D:2      | monoball: and i'm not sure i can endorse them
  1553 | D:2      | jackfruit: i try to keep at most like three skills leveling at once even thoug htat rarely works
  1559 | D:2      | Shauncat: digger
  1559 | D:2      | hayman: shauncat
  1579 | D:2      | monoball: have you really not found any more stones
  1582 | D:2      | Shauncat: that's the kewlest crawl titile
  1597 | D:2      | monoball: cuz you need a lot more stones than what you have
  1644 | D:2      | jackfruit: if you level stabbing all the way for some idiot reason you get the title politician
  1644 | D:2      | hayman: i dont think so
  1644 | D:2      | monoball: lol
  1747 | D:2      | monoball: shift-g might search
  1747 | D:2      | jackfruit: shift
  1747 | D:2      | jackfruit: f
  1748 | D:2      | monoball: ...
  1748 | D:2      | jackfruit: my f is broken sorry
  1748 | D:2      | jackfruit: or uh control f
  1750 | D:2      | monoball: "stone"
  1750 | D:2      | monoball: you got no stones
  1750 | D:2      | hayman: dang
  1752 | D:2      | jackfruit: what brings up the autopickup menu
  1752 | D:2      | jackfruit: you can turn on autopickup for stones
  1752 | D:2      | hayman: i dunno
  1752 | D:2      | monoball: hm
  1752 | D:2      | hayman: i mean that should be obvious i guess
  1752 | D:2      | monoball: i know you can do it in rc
  1752 | D:2      | jackfruit: its one of those weird ancillary commands
  1752 | D:2      | monoball: ctrl a maybe
  1752 | D:2      | monoball: or that just toggles it
  1752 | D:2      | hayman: what's the button combos that lets me go to a downstairs immediately
  1753 | D:2      | monoball: X >
  1755 | D:2      | monoball: lol
  1755 | D:2      | monoball: woops
  1755 | D:2      | jackfruit: \ brings up autopickup menu
  1760 | D:2      | jackfruit: there ya go
  1760 | D:2      | hayman: stones is on i guess?
  1760 | D:2      | jackfruit: oh cool
  1760 | D:2      | jackfruit: good guy crawl dev
  1760 | D:2      | monoball: tite
  1760 | D:2      | hayman: i assume that's what + is
  1760 | D:2      | hayman: anything else i should turn on?
  1760 | D:2      | hayman: Rods
  1760 | D:2      | jackfruit: not really
  1760 | D:2      | monoball: i like to take needles
  1773 | D:3      | monoball: oh
  1779 | D:3      | monoball: blowguns
  1793 | D:3      | monoball: nothing like an imp what gets its hands on a blowgun
  1799 | D:3      | monoball: but that's not a problem if you're poison immune
  1799 | D:3      | hayman: should i take robe
  1799 | D:3      | hayman: or is it the same as my robe probably
  1799 | D:3      | jackfruit: only if its glowing/embroidered
  1800 | D:3      | monoball: only ones with a descriptor
  1800 | D:3      | hayman: k
  1800 | D:3      | jackfruit: basically if the text is blue or white
  1872 | D:3      | monoball: having trouble?
  1909 | D:3      | Found a shattered altar of Ashenzari.
  1910 | D:3      | jackfruit: ash is cool but you probably want vehumet
  1910 | D:3      | hayman: i'll take your word for it i guess
  1910 | D:3      | monoball: ash is not for beginners
  1910 | D:3      | hayman: what's the button for descriptions btw?
  1910 | D:3      | monoball: x and enter
  1914 | D:3      | monoball: er v
  1914 | D:3      | monoball: x v
  1915 | D:3      | monoball: or you can just pray on it
  1916 | D:3      | monoball: don't have to accept
  1916 | D:3      | hayman: o yeh
  1928 | D:3      | jackfruit: yeah praying on an altar gives you a good description
  2023 | D:3      | Noticed Econoterrorist's ghost (average SpEn)
  2032 | D:3      | monoball: aww yeah
  2033 | D:3      | jackfruit: spen should be easy enough to kill at this level
  2033 | D:3      | jackfruit: just need to be able to hit
  2040 | D:3      | monoball: nice knowin ya
  2042 | D:3      | Killed Econoterrorist's ghost
  2042 | D:3      | Reached skill level 4 in Earth Magic
  2042 | D:3      | jackfruit: sweet xp
  2042 | D:3      | hayman: aw yeah
  2042 | D:3      | Reached XP level 5. HP: 23/28 MP: 1/10
  2043 | D:3      | jackfruit: i love shitty ghosts
  2066 | D:3      | jackfruit: what spells do you have
  2091 | D:3      | jackfruit: memorize some
  2091 | D:3      | jackfruit: oh damn
  2091 | D:3      | monoball: ya
  2091 | D:3      | hayman: yeh i dunno
  2091 | D:3      | jackfruit: lrd and petrify are the ones you probably want
  2091 | D:3      | monoball: what's your % on stone arrow
  2091 | D:3      | jackfruit: ive never used stoneskin but my experience with ee is very minimal
  2091 | D:3      | hayman: passwall sounded like it would get me killed
  2091 | D:3      | monoball: yeah i never use it
  2091 | D:3      | monoball: jesus
  2091 | D:3      | jackfruit: passwall is weird to have for an ee because its really not for blasters
  2091 | D:3      | monoball: oh you need to level conj
  2091 | D:3      | jackfruit: its useful for later level assassins and such
  2104 | D:3      | monoball: you can prolly take spellcasting off blast too
  2104 | D:3      | Noticed Terence
  2105 | D:3      | monoball: level everything equivalently
  2125 | D:3      | jackfruit: yeah you dont need the spell levels at this point and spell hunger isnt a problem yet
  2126 | D:3      | monoball: get out of there
  2131 | D:3      | monoball: oh nvm i thought that goblin had a sling
  2131 | D:3      | jackfruit: yeah peace he's got a chian mail
  2135 | D:3      | monoball: that too
  2135 | D:3      | jackfruit: could chokepoint him
  2135 | D:3      | jackfruit: and stoneblast
  2135 | D:3      | hayman: should i just melee this guy or run or
  2135 | D:3      | monoball: yea run i'd say
  2159 | D:3      | jackfruit: his armor will make it tough to do appreciable damage with the mace
  2159 | D:3      | monoball: keep going around pillar
  2159 | D:3      | monoball: then downstairs
  2166 | D:3      | monoball: you'll tkae the goblin with you instead of terrence
  2199 | D:4      | hayman: all those stones upstairs...
  2204 | D:4      | monoball: go up when you find another staircase
  2304 | D:4      | jackfruit: 'his armor will make it tough to do damage with the mace' really sums up crawl maces
  2337 | D:4      | monoball: lol
  2362 | D:3      | Noticed Sigmund
  2363 | D:3      | monoball: lmao
  2368 | D:4      | monoball: nevermind
  2380 | D:4      | hayman: i remembered that much
  2380 | D:4      | jackfruit: stylish wizard hat
  2380 | D:4      | hayman: from when i used to play
  2380 | D:4      | hayman: or try to play
  2397 | D:4      | jackfruit: get rid of dog, then mite
  2403 | D:4      | hayman: what about this bug
  2403 | D:4      | jackfruit: i'd run i think
  2403 | D:4      | hayman: i guess i could try one of my pots
  2403 | D:4      | monoball: yea
  2403 | D:4      | hayman: okay
  2403 | D:4      | monoball: eh
  2411 | D:4      | monoball: what pots do you have
  2413 | D:4      | jackfruit: you should ident them when you can
  2413 | D:4      | monoball: yeah
  2413 | D:4      | hayman: oh right i have a scroll
  2413 | D:4      | hayman: i think
  2442 | D:4      | monoball: that first staircase is probably safe now
  2456 | D:4      | jackfruit: or use excape hatch
  2468 | D:3      | jackfruit: yeah dog
  2469 | D:3      | monoball: lol
  2469 | D:3      | hayman: woops
  2517 | D:3      | monoball: eh
  2518 | D:3      | monoball: it coudl have been paralysis
  2518 | D:3      | hayman: should i eat a perma food
  2518 | D:3      | jackfruit: yeah
  2532 | D:3      | Killed Terence
  2535 | D:3      | hayman: should i leave this?
  2535 | D:3      | jackfruit: yeah
  2535 | D:3      | hayman: doesnt it mess with spells or soemthing
  2535 | D:3      | jackfruit: can't cast in it
  2538 | D:3      | monoball: elven stuff is better for casting if you find it
  2538 | D:3      | jackfruit: even ring mail fucks up casting a lot, i tried it once. once
  2538 | D:3      | hayman: flail and mace are the same right
  2538 | D:3      | monoball: flail slightly stronger
  2538 | D:3      | hayman: i mean skill i guess
  2538 | D:3      | jackfruit: yeah
  2539 | D:3      | monoball: dwarven is always better
  2539 | D:3      | hayman: wait what was it i do to set this to a slot or w/e
  2539 | D:3      | monoball: = i
  2539 | D:3      | monoball: set to a
  2574 | D:3      | jackfruit: kill jester
  2574 | D:3      | hayman: wont he stomp me
  2574 | D:3      | jackfruit: get him in a chokepoint with the kobold between you and him then kill both of them
  2591 | D:3      | monoball: stone arrow might do him in
  2591 | D:3      | jackfruit: he has a ranged attack but his melee is bad
  2591 | D:3      | jackfruit: and his defenses are poor
  2591 | D:3      | hayman: oh okay
  2596 | D:3      | jackfruit: oh damn
  2599 | D:3      | jackfruit: yeah stone arrow
  2602 | D:3      | monoball: try sandblast
  2604 | D:3      | monoball: with your rocks
  2606 | D:3      | Killed Sigmund
  2606 | D:3      | Reached skill level 1 in Conjurations
  2606 | D:3      | jackfruit: there ya go
  2606 | D:3      | monoball: grats
  2606 | D:3      | Reached XP level 6. HP: 23/33 MP: 2/13
  2607 | D:3      | monoball: rats off to ya
  2625 | D:3      | hayman: should i grab his axe
  2625 | D:3      | monoball: yes
  2625 | D:3      | jackfruit: nah
  2625 | D:3      | hayman: or robe or anything
  2625 | D:3      | monoball: how are gargoyle with axe
  2626 | D:3      | monoball: eh not worth it
  2662 | D:3      | Found a burning altar of Makhleb.
  2688 | D:3      | monoball: alright i gotta get some sleep
  2688 | D:3      | jackfruit: nice fucking unreachable mac vault dev shits
  2688 | D:3      | monoball: meeting w/ advisor tomorrow
  2688 | D:3      | hayman: later
  2688 | D:3      | jackfruit: hey same
  2688 | D:3      | jackfruit: night
  2688 | D:3      | monoball: peace~
  2688 | D:3      | hayman: later all then
  2745 | D:3      | jackfruit: my advisor meeting isnt until noon i can stay up for a bit
  2755 | D:3      | hayman: lol
  2911 | D:3      | jackfruit: you can read id scrolls as long as youve explored the area you're in a decent bit so you wont wake up anything
  3099 | D:3      | Found a bloodstained altar of Trog.
  3360 | D:4      | Noticed an ogre
  3382 | D:4      | jackfruit: oooh glowy
  3391 | D:4      | hayman: i think it said an ogre was over here
  3391 | D:4      | jackfruit: yeah
  3391 | D:4      | hayman: can i take that or...?
  3396 | D:4      | jackfruit: they have bad ev and mediocre health but they hit lke a train
  3402 | D:4      | jackfruit: you could probably take it one on one
  3407 | D:4      | jackfruit: stone arrow should ave a decent hit rate
  3407 | D:4      | Killed an ogre
  3407 | D:4      | Reached XP level 7. HP: 36/38 MP: 8/15
  3408 | D:4      | hayman: lol
  3408 | D:4      | jackfruit: yeah
  3479 | D:4      | hayman: what about an ogre skeleton
  3479 | D:4      | jackfruit: its fine
  3485 | D:4      | hayman: it doesnt seem to do anything?
  3485 | D:4      | jackfruit: undead dont have health bars
  3485 | D:4      | hayman: oh okay
  3490 | D:4      | hayman: bonghits was saying something about turning spellcasting off?
  3490 | D:4      | hayman: i think?
  3490 | D:4      | jackfruit: yeah
  3494 | D:4      | hayman: when or why should you do that i guess
  3494 | D:4      | jackfruit: i think he said to take it off blast but i'd turn it off entirely at this point
  3494 | D:4      | hayman: okay
  3494 | D:4      | jackfruit: it gives you a reduction in spell hunger, more spell levels and more mana but doesnt help your cast rate that much
  3504 | D:4      | jackfruit: you're good on hunger and levels and your mana should do you for now
  3505 | D:4      | hayman: er what's the button to find nearest stairs down?
  3505 | D:4      | jackfruit: X >
  3505 | D:4      | hayman: i thought it was x >
  3531 | D:4      | hayman: oh capital x
  3531 | D:4      | hayman: thanks
  3540 | D:5      | Entered Level 5 of the Dungeon
  3544 | D:5      | jackfruit: yeah its the difference between look around you and look at map
  3547 | D:4      | jackfruit: should be the opposite imo but Aesthetics i guess
  3548 | D:4      | jackfruit: painn
  3548 | D:4      | hayman: oh so pain wont do too much for me i guess
  3548 | D:4      | jackfruit: i dont know if pain is useful without necromancy levels
  3548 | D:4      | hayman: it sounds like it isnt
  3548 | D:4      | hayman: same damage i guess
  3548 | D:4      | jackfruit: depending on the enchantment on the dwarf one yeah
  3549 | D:4      | jackfruit: no need to identify weapons usually
  3549 | D:4      | hayman: what's the +1 stand for here
  3549 | D:4      | jackfruit: bonus to hit
  3549 | D:4      | jackfruit: the first number is accuracy, the second damage
  3549 | D:4      | hayman: oh so it's better then dwarf i guess
  3549 | D:4      | hayman: okay cool
  3552 | D:4      | hayman: is the ineptitude from lack of levels in necro?
  3552 | D:4      | hayman: or something else
  3552 | D:4      | jackfruit: probably?? you dont usually see pain weapons just lying around
  3552 | D:4      | hayman: okay so i guess i dont need to worry about it
  3552 | D:4      | jackfruit: yeah
  3746 | D:5      | jackfruit: aaaa
  3746 | D:5      | hayman: how bad is this
  3746 | D:5      | jackfruit: careful around the priess
  3746 | D:5      | jackfruit: its not that bad
  3746 | D:5      | jackfruit: but you'll wanna go aroudn the corner
  3746 | D:5      | hayman: should i try to nuke him first
  3753 | D:5      | jackfruit: priests have a line of sight nuke that does flat damage
  3755 | D:5      | jackfruit: so you wanna infight
  3908 | D:5      | jackfruit: orc priests are common but are the most dangerous non-uniques in the early dungeon
  4009 | D:5      | Reached skill level 5 in Earth Magic
  4018 | D:5      | jackfruit: you probably dont need to arrow vanilla orcs
  4018 | D:5      | hayman: ok
  4056 | D:5      | Paralysed by a giant eyeball for 3 turns
  4126 | D:5      | jackfruit: eyeballs dont attack they just paralyze you
  4127 | D:5      | hayman: ah
  4155 | D:5      | jackfruit: it sucks if anything else is around
  4155 | D:5      | hayman: no reason not to wear boots right?
  4155 | D:5      | jackfruit: yeah
  4217 | D:5      | jackfruit: you can usually try on any armor you don't have yet, if it's bad and cursed remove curses are plentiful
  4518 | D:6      | hayman: so you were saying maces weren't that good?
  4518 | D:6      | jackfruit: yeah long term i don't think so
  4518 | D:6      | hayman: what sohuld i be on the look out for that's good?
  4518 | D:6      | jackfruit: the options for using them with shields are limited and i literally don't know how people play this game without using a shield
  4518 | D:6      | jackfruit: you'll probably end up maining your magic
  4518 | D:6      | hayman: fair enough
  4518 | D:6      | hayman: oh i already turned maces off lol
  4636 | D:6      | Noticed Duvessa
  4641 | D:6      | hayman: whoa
  4641 | D:6      | jackfruit: pull duvessa off
  4643 | D:6      | jackfruit: she comes with a plus one
  4644 | D:6      | Noticed Dowan
  4645 | D:6      | jackfruit: there he is
  4645 | D:6      | hayman: ah shit
  4645 | D:6      | hayman: what the hell is a quasit
  4647 | D:6      | jackfruit: weak summoned demon
  4654 | D:6      | Killed Duvessa
  4658 | D:6      | jackfruit: ouch
  4658 | D:6      | jackfruit: do you have blink scroll
  4658 | D:6      | jackfruit: telly
  4659 | D:6      | jackfruit: and go southeast
  4743 | D:5      | jackfruit: you should read id your scrolls
  4745 | D:5      | jackfruit: i mean id them by reading them
  4764 | D:5      | hayman: oh
  4766 | D:5      | jackfruit: they usually wont fuck you up and its safe to do on a floor you alreday cleared
  4790 | D:6      | hayman: should i try to kill this guy or just run again
  4791 | D:6      | jackfruit: probably wanna deal with him on a full stomache and health
  4815 | D:6      | Killed from afar by Dowan

Action                   |  1- 3 |  4- 6 |  7- 9 || total
-------------------------+-------+-------+-------++-------
Melee: Mace              |    65 |    82 |       ||   147
       Unarmed           |    18 |       |       ||    18
       Flail             |       |    59 |    34 ||    93
 Cast: Sandblast         |    20 |    59 |    19 ||    98
       Stone Arrow       |       |     6 |    22 ||    28
  Use: Scroll            |     6 |     4 |     7 ||    17
       Potion            |       |     2 |     2 ||     4
 Stab: Sleeping          |     3 |     2 |     2 ||     7
       Distracted        |       |     1 |       ||     1
